 Dungeon Crawl Stone Soup version 0.17-a0-1534-gf98da79 (webtiles) character file.

105 Lathuz the Cudgeler (level 4, -1/39 HPs)
             Began as a Hill Orc Fighter on July 17, 2015.
             Killed by divine providence
             ... invoked by an orc priest
              (13 damage)
             ... on level 3 of the Dungeon.
             The game lasted 00:07:18 (3210 turns).

Lathuz the Cudgeler (Hill Orc Fighter)              Turns: 3210, Time: 00:07:18

Health: -1/39      AC: 10    Str: 18    XL:     4   Next: 81%
Magic:  4/4        EV:  7    Int:  8    God:
Gold:   122        SH:  9    Dex: 11    Spells: 0 memorised, 3 levels left

rFire  . . .     SeeInvis .     a - +0 flail
rCold  . . .     Clarity  .     b - +0 scale mail
rNeg   . . .     SustAt   .     c - +0 shield
rPois  .         Gourm    .     (no helmet)
rElec  .         Spirit   .     v - +2 cloak
rCorr  .         Warding  .     (no gloves)
rMut   .         Stasis   .     (no boots)
MR     .....                    (no amulet)
Stlth  ..........               (no ring)
                                (no ring)

@: not resistant to hostile enchantments, extremely unstealthy
A: no striking features
a: Convert to Beogh


You were on level 3 of the Dungeon.
You were not hungry.

You visited 1 branch of the dungeon, and saw 4 of its levels.

You collected 122 gold pieces.

Inventory:

Hand weapons
 a - a +0 flail (weapon)
Missiles
 q - 17 stones (quivered)
Armour
 b - a +0 scale mail (worn)
 c - a +0 shield (worn)
 f - a +0 leather armour
 g - a +2 ring mail of cold resistance
 v - a +2 cloak (worn)
Jewellery
 t - an uncursed amulet of regeneration {unknown}
Scrolls
 k - 2 scrolls of teleportation {unknown}
 m - a scroll of fear {unknown}
 o - 2 scrolls of remove curse {unknown}
 p - 4 scrolls of identify {unknown}
 s - a scroll of amnesia {unknown}
 u - a scroll of blinking {unknown}
Potions
 d - a potion of might
 h - 4 potions of haste {unknown}
 j - a potion of heal wounds {unknown}
 l - a potion of lignification {unknown}
 r - 2 potions of curing {unknown}
 w - a potion of mutation {unknown}
 x - a potion of magic {unknown}
 z - a potion of degeneration {unknown}
Comestibles
 e - 3 bread rations
 i - a beef jerky
 n - 2 meat rations
 B - 2 fruits
 C - a slice of pizza


   Skills:
 - Level 3.6 Fighting
 + Level 5.3 Maces & Flails
 - Level 3.2 Armour
 - Level 3.2 Shields


You had 3 spell levels left.
You didn't know any spells.

Dungeon Overview and Level Annotations

Branches:
Dungeon (4/15)
 Temple: D:4-7

Altars:
Dithmenos
Yredelemnul


Message History

Something smites you! You block the orc's attack.
You hit the orc.
The orc is heavily wounded.
The orc hits you but does no damage.
Your shield prevents you from hitting the orc.
The orc is heavily wounded.
The orc closely misses you. You block the orc's attack.
You hit the orc.
You kill the orc!
You block the orc priest's attack.
You climb upwards.
There is a stone staircase leading down here.
You closely miss the orc priest.
The orc priest calls down the wrath of Beogh upon you.
Pain shoots through your body! The orc priest completely misses you.
You hit the orc priest.
The orc priest is moderately wounded.
The orc priest invokes the aid of Beogh against you.
Something smites you!
You die...

## #.#.#.#.# ##.....##
#.#### # #.#...#.#
##...## #..... #
#.......# ##'## ###### #
####.#### #.# # # #.#
#.# # # ##.## #####.## #
# ##...## #......## # #
##.###.## #.#.....# # #
#.## ##.####@##...## # #
#.#
#....o......###########
# #.##
##.####.##..............
# ##.###.##
#.###..###########
##...## #......# #####
#####.## ###########.#
#.........#.#
#####.#######.#.#####


You could see an orc priest.

Vanquished Creatures
  3 adders
  2 worms (D:2)
  5 giant geckos
  3 orcs
  2 giant cockroaches (D:1)
  2 gnoll zombies (D:2)
  8 goblins
  9 hobgoblins
  4 jackals (D:1)
  7 kobolds
  2 quokkas (D:2)
  5 bats
  3 giant newts
  12 rats
67 creatures vanquished.

Notes
Turn   | Place    | Note
--------------------------------------------------------------
     0 | D:1      | Lathuz the Hill Orc Fighter began the quest for the Orb.
     0 | D:1      | Reached XP level 1. HP: 19/19 MP: 1/1
   537 | D:1      | Reached XP level 2. HP: 26/26 MP: 2/2
   820 | D:1      | Reached XP level 3. HP: 31/31 MP: 3/3
  1280 | D:2      | Reached skill level 4 in Maces & Flails
  1613 | D:2      | Reached XP level 4. HP: 22/39 MP: 4/4
  1623 | D:2      | Found a basalt altar of Yredelemnul.
  2202 | D:3      | Reached skill level 5 in Maces & Flails
  2213 | D:3      | Found a shadowy altar of Dithmenos.
  3210 | D:3      | Killed from afar by an orc priest

Vault maps used:
D:1:      dpeg_arrival_rhombus
D:2:      lemuel_zombie_altar_yredelemnul, first_bread
D:3:      lemuel_round_altar
D:4:      cheibriados_altar_wand_db, okawaru_altar_gauntlet_db,
          lemuel_doored_altar, overflow_temple_1_default

Action                   |  1- 3 |  4- 6 || total
-------------------------+-------+-------++-------
Melee: Flail             |   137 |   105 ||   242
Throw: Stone             |       |    43 ||    43
  Eat: Chunk             |     2 |     1 ||     3
       Bread ration      |       |     1 ||     1
